 Dungeon Crawl Stone Soup version 0.28.0-53-g5a82cb258f (webtiles) character file.

Game seed: 2983897121358936899

11991 oldmanjim the Grappler (level 11, -1/105 HPs)
             Began as a Troll Hunter on Aug 14, 2022.
             Was a High Priest of Okawaru.
             Slain by a black mamba (10 damage)
             ... on level 1 of the Lair of Beasts on Aug 16, 2022.
             The game lasted 01:05:19 (10778 turns).

oldmanjim the Grappler (Troll Hunter)              Turns: 10778, Time: 01:05:20

Health: -1/105     AC:  5    Str: 26    XL:     11   Next: 56%
Magic:  8/13       EV:  7    Int:  7    God:    Okawaru [*****.]
Gold:   572        SH: 14    Dex: 10    Spells: 10/10 levels left

rFire   . . .      SeeInvis .     - Unarmed
rCold   + . .      Faith    .   D - +0 tower shield
rNeg    . . .      Spirit   .   b - +1 robe
rPois   .          Reflect  .   l - +0 hat
rElec   .          Harm     .   m - scarf {shadows}
rCorr   .          Rampage  .   (gloves unavailable)
Will    .....                   (boots unavailable)
Stlth   +.........              o - amulet of regeneration
HPRegen 1.87/turn               A - ring of protection from cold
MPRegen 0.13/turn               (no ring)

@: lethally poisoned (-1 -> -4), finesse-ful
A: large, unfitting armour, claws 3, regeneration 1, shaggy fur 1, tough skin 1
a: Renounce Religion, Heroism, Finesse, Duel


You were on level 1 of the Lair of Beasts.
You worshipped Okawaru.
Okawaru was extremely pleased with you.
You visited 3 branches of the dungeon, and saw 13 of its levels.

You collected 726 gold pieces.
You spent 154 gold pieces at shops.

Inventory:

Hand Weapons
 P - a +0 giant spiked club
Missiles
 a - 279 stones (quivered)
 c - 4 large rocks
 d - 2 throwing nets
 p - 3 boomerangs
 v - 12 poisoned darts
 H - 4 javelins
Armour
 b - a +1 robe (worn)
 l - a +0 hat (worn)
 m - a scarf of shadows (worn)
 t - a +0 robe of the Archmagi
 D - a +0 tower shield (worn)
Jewellery
 o - an amulet of regeneration (around neck)
 r - an amulet of reflection
 A - a ring of protection from cold (left claw)
 R - a +6 ring of intelligence
Wands
 y - a wand of polymorph (5)
 z - a wand of mindburst (14)
 F - a wand of paralysis (6)
 L - a wand of iceblast (6)
 M - a wand of acid (8)
 S - a wand of flame (4)
Scrolls
 h - 4 scrolls of enchant armour
 i - 2 scrolls of teleportation
 q - 2 scrolls of enchant weapon
 x - a scroll of torment {unknown}
 G - a scroll of silence {unknown}
 K - a scroll of fear {unknown}
 N - a scroll of magic mapping {unknown}
 O - 2 scrolls of fog
 T - a scroll of noise {unknown}
Potions
 e - a potion of invisibility
 f - a potion of haste
 g - 3 potions of mutation
 j - 2 potions of brilliance
 k - 7 potions of heal wounds
 n - a potion of resistance {unknown}
 s - a potion of attraction {unknown}
 u - 3 potions of flight {unknown}
 w - 3 potions of curing
 B - a potion of magic {unknown}
 C - a potion of might
 E - 2 potions of lignification
Miscellaneous
 I - a lightning rod (4/4)
 J - a phial of floods


   Skills:
 - Level 6.0 Fighting
 - Level 5.0 Throwing
 - Level 1.5 Dodging
 - Level 0.3 Stealth
 + Level 7.6 Shields
 - Level 13.0 Unarmed Combat
 - Level 5.0 Invocations


You had 10 spell levels left.
You didn't know any spells.
Your spell library contained the following spells:

 Spells                   Type           Power      Damage    Failure   Level
 Foxfire                  Conj/Fire      0%         2x1d4     93%         1
 Slow                     Hex            0%         N/A       93%         1
 Confusing Touch          Hex            0%         N/A       100%        3
 Conjure Flame            Conj/Fire      0%         6-21      100%        3
 Inner Flame              Hex/Fire       0%         N/A       100%        3
 Vampiric Draining        Necr           0%         2d6       100%        3
 Cause Fear               Hex            0%         N/A       100%        4
 Flame Wave               Conj/Fire      0%         2d4       100%        4
 Yara's Violent Unravell  Hex/Tmut       0%         3d3       100%        5
 Starburst                Conj/Fire      0%         6d3       100%        6
 Dragon Form              Tmut           0%         N/A       100%        7
 Enfeeble                 Hex            0%         N/A       100%        7
 Orb of Destruction       Conj           0%         9d5       100%        7
 Spellforged Servitor     Conj/Summ      Unusable   N/A       N/A         7
 Dragon's Call            Summ           Unusable   N/A       N/A         9

Dungeon Overview and Level Annotations

Branches:
Dungeon (10/15)            Temple (1/1) D:6            Lair (2/6) D:9
    Orc (0/2) D:10
  Swamp: Lair:2-4    Shoals: Lair:2-4     Snake: Lair:2-4    Spider: Lair:2-4

Altars:
Ashenzari
Cheibriados
Dithmenos
Elyvilon
Fedhas
Gozag
Hepliaklqana
Kikubaaqudgha
Makhleb
Nemelex Xobeh
Okawaru
Qazlal
Ru
Sif Muna
Trog
Uskayaw
Vehumet
Wu Jian
Xom
Yredelemnul
Zin
The Shining One

Shops:
D:2 ?   D:8 *

Portals:
Trove: D:10 (give 4 potions of resistance)

Annotations:
D:6 1 runed translucent door, BuzzyBeetle's ghost, novice KoAM


Innate Abilities, Weirdness & Mutations

You are too large for most types of armour.
You have claws for hands.
Your natural rate of healing is unusually fast.
You are covered in fur. (AC +1)
You have tough skin. (AC +1)


Message History

a - 277 stones (gained 1)
a - 278 stones (gained 1)
You see here a blink frog corpse.
a - 279 stones (gained 1) Done exploring.
There is a stone staircase leading down here.
You climb downwards.
The komodo dragon hisses angrily.
You block the black mamba's attack. The cane toad completely misses you.
The blink frog hits you. The black mamba bites you. The cane toad stings you.
The blink frog hits you!!
The blink frog hits you but does no damage.
You block the black mamba's attack.
There is a stone staircase leading up, spattered with blood here.
The blink frog blinks!
You block the black mamba's attack. The blink frog hits you!
The blink frog blinks!
The cane toad stings you.
You are poisoned.
The cane toad poisons you! You block the blink frog's attack.
The black mamba bites you!
You climb upwards.
You feel extremely sick.
There is a stone staircase leading down here.
You closely miss the black mamba.
You feel very sick.
The blink frog blinks!
The cane toad stings you.
You are more poisoned.
The cane toad poisons you! The black mamba bites you.
You block the cane toad's attack.
You can now deal lightning-fast blows.
You feel extremely sick. The black mamba bites you.
* * * LOW HITPOINT WARNING * * *
You block the black mamba's attack. The cane toad stings you!!
* * * LOW HITPOINT WARNING * * *
You feel better. The black mamba bites you!
* * * LOW HITPOINT WARNING * * *
You are poisoned.
The black mamba poisons you! You block the cane toad's attack.
The black mamba bites you!
You die...

# ####..#P## ##.......... #
#..### ##......... # ### #.###
#......... #####.#######..P###
#.P...../. ##..............#.#
###.#P.... .##...............#
#######. ###...........F..## ##.
.................S# ###.#
................@F# #.#.#
.................§## ##...
..................)# ###...
P.#.P##............## #.....
#..#####............# #.....
#...## #.....†......# ###.....
.....####..........### ##.......
#.....P##P###........####........
##.....#### #....######..........


You could see a black mamba, a cane toad and a blink frog.

Vanquished Creatures
  A boulder beetle (Lair:1)
  3 two-headed ogres
  Pikel (D:6)
  An elephant (D:9)
  Joseph (D:8)
  3 cane toads (Lair:1)
  A komodo dragon (Lair:1)
  A hornet (D:9)
  A blink frog (Lair:1)
  11 yaks (D:9)
  A wyvern (D:6)
  A steam dragon (D:8)
  A basilisk (D:9)
  Grum (D:8)
  5 water moccasins
  5 orc warriors
  6 ice beasts
  A sky beast (D:8)
  A black bear (D:9)
  A necrophage (D:8)
  2 ogres (D:5)
  2 wolves (D:8)
  2 centaurs
  A lemure (D:6)
  A phantom (D:5)
  5 bullfrogs
  2 kobold brigands
  3 scorpions
  A water moccasin skeleton (D:6)
  5 killer bees (D:7)
  4 howler monkeys
  2 centaur zombies
  5 hounds
  A centaur skeleton (D:4)
  A jelly (D:7)
  10 orc priests
  Jessica (D:2)
  An iguana (D:5)
  10 orc wizards
  2 killer bee zombies
  Robin (D:4)
  6 gnolls
  A howler monkey skeleton (D:4)
  6 adders
  3 shadow imps
  A white imp (D:6)
  6 worms
  4 dart slugs
  40 orcs
  6 ball pythons
  4 endoplasms
  4 giant cockroaches
  18 goblins
  8 hobgoblins
  7 jackals (D:2)
  3 quokkas
  6 bats
  2 frilled lizards (D:2)
  18 kobolds
  6 rats
258 creatures vanquished.

Vanquished Creatures (others)
  16 plants
16 creatures vanquished.

Grand Total: 274 creatures vanquished

Notes
Turn   | Place    | Note
-------+----------+-------------------------------------------
     0 | D:1      | oldmanjim the Troll Hunter began the quest for the Orb.
     0 | D:1      | Reached XP level 1. HP: 19/19 MP: 0/0
    99 | D:1      | Reached skill level 1 in Unarmed Combat
   101 | D:1      | Reached XP level 2. HP: 28/28 MP: 1/1
   543 | D:2      | Reached XP level 3. HP: 32/35 MP: 2/2
   552 | D:2      | Reached skill level 2 in Unarmed Combat
   728 | D:2      | Noticed Jessica
   745 | D:2      | Killed Jessica
   746 | D:2      | Reached XP level 4. HP: 19/44 MP: 3/3
   796 | D:2      | Found Dast's Magic Scroll Shoppe.
   876 | D:2      | Reached skill level 3 in Unarmed Combat
   939 | D:2      | Reached XP level 5. HP: 53/53 MP: 4/4
  1256 | D:2      | Found a faded altar of an unknown god.
  1481 | D:3      | Reached skill level 4 in Unarmed Combat
  1996 | D:4      | Noticed an ice beast
  2003 | D:4      | Killed an ice beast
  2004 | D:4      | Reached skill level 5 in Unarmed Combat
  2004 | D:4      | Reached XP level 6. HP: 39/61 MP: 5/5
  2220 | D:4      | Noticed Robin
  2224 | D:4      | Killed Robin
  2564 | D:4      | Reached XP level 7. HP: 58/68 MP: 6/6
  3336 | D:5      | Entered Level 5 of the Dungeon
  3477 | D:5      | Reached skill level 6 in Unarmed Combat
  3620 | D:5      | Reached skill level 7 in Unarmed Combat
  3800 | D:5      | Reached XP level 8. HP: 74/78 MP: 7/7
  4425 | D:6      | Reached skill level 5 in Throwing
  4481 | D:6      | Reached skill level 5 in Fighting
  4513 | D:6      | Found a staircase to the Ecumenical Temple.
  4521 | Temple   | Entered the Ecumenical Temple
  4740 | Temple   | Became a worshipper of Warmaster Okawaru
  4811 | D:6      | Reached skill level 8 in Unarmed Combat
  4912 | D:6      | Noticed Pikel
  4939 | D:6      | Killed Pikel
  4940 | D:6      | Reached skill level 9 in Unarmed Combat
  4940 | D:6      | Reached skill level 1 in Invocations
  4940 | D:6      | Reached XP level 9. HP: 42/88 MP: 7/9
  4977 | D:6      | Found a runed translucent door.
  5011 | D:6      | Reached * piety under Okawaru
  5401 | D:6      | Noticed BuzzyBeetle's ghost (novice KoAM)
  5816 | D:7      | You fall into a shaft and drop 1 floor!
  5896 | D:8      | Found a shadowy altar of Dithmenos.
  5963 | D:8      | Reached skill level 10 in Unarmed Combat
  6024 | D:7      | Found a blossoming altar of Fedhas.
  6034 | D:7      | Reached ** piety under Okawaru
  7117 | D:8      | Reached skill level 5 in Invocations
  7122 | D:8      | Reached XP level 10. HP: 67/98 MP: 12/12
  7183 | D:8      | Found Efups's Changing Room.
  7201 | D:8      | Bought a potion of lignification for 42 gold pieces
  7201 | D:8      | Bought a potion of mutation for 112 gold pieces
  7247 | D:8      | Noticed Joseph
  7268 | D:8      | HP: 4/98 [Joseph/sling bullet (10)]
  7506 | D:9      | Noticed a two-headed ogre
  7519 | D:9      | Killed a two-headed ogre
  7519 | D:9      | Reached *** piety under Okawaru
  7520 | D:9      | Reached skill level 1 in Shields
  7520 | D:9      | Reached skill level 11 in Unarmed Combat
  7999 | D:9      | Paralysed by a hornet for 2 turns
  8039 | D:9      | Noticed an elephant
  8052 | D:9      | Killed an elephant
  8113 | D:9      | Found a staircase to the Lair.
  8154 | D:9      | Reached **** piety under Okawaru
  8264 | D:9      | Noticed a two-headed ogre
  8290 | D:9      | Killed a two-headed ogre
  8291 | D:9      | Reached skill level 12 in Unarmed Combat
  8377 | D:9      | Received a gift from Okawaru
  8378 | D:9      | Reached skill level 5 in Shields
  8668 | D:9      | Reached XP level 11. HP: 96/105 MP: 13/13
  8757 | D:8      | Killed Joseph
  8825 | D:8      | Noticed Grum
  8874 | D:8      | Killed Grum
  9102 | D:10     | Entered Level 10 of the Dungeon
  9191 | D:10     | Noticed a two-headed ogre
  9199 | D:10     | Killed a two-headed ogre
  9199 | D:10     | Reached ***** piety under Okawaru
  9391 | D:10     | Got the Volume of Arcane Weapons
  9471 | D:10     | Found a staircase to the Orcish Mines.
  9507 | D:10     | Found a portal to a secret trove of treasure.
  9669 | D:10     | Found a radiant altar of Vehumet.
  9669 | D:10     | Found a bloodstained altar of Trog.
  9731 | Lair:1   | Entered Level 1 of the Lair of Beasts
  9766 | Lair:1   | Received a gift from Okawaru
  9767 | Lair:1   | Reached skill level 13 in Unarmed Combat
  9968 | Lair:1   | Found a hide-covered altar of Uskayaw.
  9969 | Lair:1   | Noticed a boulder beetle
  9999 | Lair:1   | Found an ornate altar of the Wu Jian Council.
 10006 | Lair:1   | Killed a boulder beetle
 10778 | Lair:1   | Slain by a black mamba

Illustrated notes

Levels and vault maps discovered:
D:1:      dpeg_arrival_rooms_with_view, layout_rooms
D:2:      layout_basic, dilly_ecumenical_altar_fadedgnrine, serial_shops, shop,
          st_stairs_3, nicolae_underground_beach, uniq_jessica
D:3:      minmay_spotlight, layout_rooms
D:4:      layout_basic, kennysheep_generic_room_3, uniq_robin
D:5:      layout_loops_ring
D:6:      layout_basic, temple_green, ebering_ghost_sewer_d,
          grunt_ministairs_15, uniq_pikel
D:7:      layout_basic, fedhas_ov_isle_minmay, sigmund_army
D:8:      layout_gridville, mainiacjoe_overflow_alcove_2,
          nicolae_transmutations_shop, uniq_grum, uniq_joseph
D:9:      layout_gridville, david_lair_generic, centaur_isle
D:10:     layout_small_grid, gammafunk_temple_overflow_pools, orc_0_dummy,
          nicolae_trove_entry_isolated
Temple:   dpeg_five_rooms_temple
Lair:1:   layout_cave_pods, nzn_masters_of_martial_movement
Lair:2:   layout_long_grid, lemuel_fruit_tree, uniq_maggie

Skill      XL: |  1  2  3  4  5  6  7  8  9 10 11 |
---------------+----------------------------------+-----
Unarmed Combat | 1 2 3 5 7 9 10 12 13 | 13.0
Fighting       | 2 3 4 5 6 |  6.0
Throwing       | 4 5 |  5.0
Invocations    | 1 5 |  5.0
Shields        | 5 7 |  7.6
Dodging        | |  1.5
Stealth        | |  0.3

Action                   |  1- 3 |  4- 6 |  7- 9 | 10-12 || total
-------------------------+-------+-------+-------+-------++-------
Melee: Unarmed           |    93 |   175 |   281 |   213 ||   762
       Punch             |       |     6 |     9 |       ||    15
Throw: Stone             |     6 |    38 |    38 |    21 ||   103
       Large rock        |     2 |       |       |    17 ||    19
       Boomerang         |       |       |       |    10 ||    10
       Dart              |       |       |       |     5 ||     5
Invok: Finesse           |       |       |       |     1 ||     1
  Use: Scroll            |       |     3 |     6 |     4 ||    13
       Potion            |       |       |       |     1 ||     1
 Stab: Sleeping          |       |     2 |     1 |       ||     3
Armor: Robe              |    23 |    44 |    56 |    34 ||   157
Dodge: Dodged            |    45 |    67 |    91 |    50 ||   253
Block: Tower shield      |       |       |       |   128 ||   128
